 Dungeon Crawl Stone Soup version 0.28.0-53-g5a82cb258f (webtiles) character file.

Game seed: 14325461763808238601

76 LynnLen the Sneak (level 4, -2/30 HPs)
             Began as a Vampire Enchanter on Aug 1, 2022.
             Slain by an orc
             ... wielding a +0 hand axe
              (4 damage)
             ... on level 3 of the Dungeon.
             The game lasted 00:11:23 (2124 turns).

LynnLen the Sneak (Vampire Enchanter)               Turns: 2124, Time: 00:11:23

Health: -2/30      AC:  4    Str:  7    XL:     4   Next: 12%
Magic:  2/7        EV: 12    Int: 17    God:
Gold:   48         SH:  0    Dex: 16    Spells: 0/7 levels left

rFire   . . .      SeeInvis +   a - +1 dagger
rCold   . . .      Faith    .   (no shield)
rNeg    . . .      Spirit   .   j - +1 leather armour {rPois}
rPois   +          Reflect  .   (no helmet)
rElec   .          Harm     .   (no cloak)
rCorr   .          Rampage  .   (no gloves)
Will    .....                   (no boots)
Stlth   +++.......              (no amulet)
HPRegen 0.30/turn               (no ring)
MPRegen 0.10/turn               (no ring)

@: confusing by touch, healing quickly
A: alive, fangs 3, see invisible, vampiric 2
a: Exsanguinate


You were on level 3 of the Dungeon.
You visited 1 branch of the dungeon, and saw 3 of its levels.

You collected 48 gold pieces.

Inventory:

Hand Weapons
 a - a +1 dagger (weapon)
Missiles
 c - 30 stones
 h - 5 poisoned darts (quivered)
Armour
 g - a +0 leather armour
 j - a +1 leather armour of poison resistance (worn)
Scrolls
 b - a scroll of identify
Potions
 e - a potion of brilliance


   Skills:
 * Level 2.9 Short Blades
 * Level 2.9 Dodging
 + Level 5.9 Stealth
 - Level 2.0 Spellcasting
 - Level 4.4 Hexes


You couldn't memorise any spells.
You knew the following spells:

 Your Spells              Type           Power      Damage    Failure   Level
a - Confusing Touch       Hex            16%        N/A       14%         3
b - Tukima's Dance        Hex            16%        N/A       14%         3
c - Slow                  Hex            64%        N/A       4%          1

Your spell library contained the following spells:

 Spells                   Type           Power      Damage    Failure   Level
 Ensorcelled Hibernation  Hex/Ice        18%        N/A       19%         2
 Dazzling Flash           Conj/Hex       18%        N/A       34%         3
 Conjure Flame            Conj/Fire      1%         6-21      65%         3
 Ignite Poison            Fire/Tmut/Pois 1%         N/A       65%         3
 Sticky Flame             Conj/Fire      1%         2d3       96%         4


Dungeon Overview and Level Annotations

Branches:
Dungeon (3/15)

Altars:

Annotations:
D:3 1 transporter


Innate Abilities, Weirdness & Mutations

Your natural rate of healing is accelerated.
You have razor-sharp teeth.
You have supernaturally acute eyesight. (SInv)
You are afflicted with vampirism and can become a bat while bloodless.


Message History

The orc completely misses you.
You bump into the rock wall.
The orc wizard misses you.
You miss the orc wizard. Your bite misses the orc wizard.
The orc wizard is lightly wounded.
The orc wizard gestures wildly while chanting.
The orc wizard flickers and vanishes for a moment.
The orc completely misses you.
You bump into the rock wall.
You feel less confused.
The orc is no longer moving slowly.
The orc wizard hits you with a +0 dagger.
You hit the orc wizard but do no damage.
The orc wizard is lightly wounded.
The orc wizard casts a spell at you. The magic dart hits you.
The orc hits you with a +0 hand axe.
* * * LOW HITPOINT WARNING * * *
You completely miss the orc wizard. Your bite misses the orc wizard.
The orc wizard is lightly wounded.
The orc wizard hits you with a +0 dagger.
* * * LOW HITPOINT WARNING * * *
The orc closely misses you.
Unknown command.
Okay, then.
As you read the scroll labelled MEUKOM ANOQ, it crumbles to dust.
It is a scroll of enchant armour.
Your +0 leather armour of poison resistance glows green for a moment.
The orc wizard barely misses you. The orc closely misses you.
Okay, then.
Casting: Confusing Touch (quite dangerous; 14% risk of failure)
Confirm with . or Enter, or press ? or * to list all spells.
The spell is quite dangerous to miscast (14% risk of failure)!
Continue anyway?
Your hands begin to glow red.
The orc wizard barely misses you. The orc hits you with a +0 hand axe.
* * * LOW HITPOINT WARNING * * *
You closely miss the orc wizard.
The orc wizard is lightly wounded.
The orc wizard hits you with a +0 dagger.
* * * LOW HITPOINT WARNING * * *
The orc hits you with a +0 hand axe.
You die...

#................##.#.........
###..#.#....##.....##........S##
............# ###.###.#+##.###
####........#####....#...# .#
#...........##....##..# .#
#........##.......##..# .#
#####......)......##..# .#
######.#oo........# .#
#.#@.........##.#
#.#...........#.#
#.#.........#.#.#
#.#.....#####.#.# #.#.....#
#.#.# #.####### #...# #.####
##..# #....# #..#### ####.#
##>....


You could see an orc wizard (invisible) and an orc.

Vanquished Creatures
  A gnoll (D:3)
  2 adders (D:2)
  A worm (D:2)
  A dart slug (D:2)
  An orc (D:3)
  5 ball pythons
  2 endoplasms
  4 giant cockroaches
  7 goblins
  4 hobgoblins
  2 quokkas
  5 bats
  3 frilled lizards (D:2)
  2 kobolds
  3 rats
43 creatures vanquished.

Vanquished Creatures (others)
  A fungus (D:1)
1 creature vanquished.

Grand Total: 44 creatures vanquished

Notes
Turn   | Place    | Note
-------+----------+-------------------------------------------
     0 | D:1      | LynnLen the Vampire Enchanter began the quest for the Orb.
     0 | D:1      | Reached XP level 1. HP: 13/13 MP: 3/3
   417 | D:1      | Reached XP level 2. HP: 18/19 MP: 5/5
   464 | D:1      | Found a faded altar of an unknown god.
   499 | D:1      | Reached skill level 5 in Stealth
   560 | D:1      | Got Plato's Compendium of Execration
   999 | D:2      | Gained mutation: You are afflicted with vampirism and can
                  | become a bat while bloodless. [Vampire growth]
   999 | D:2      | Reached XP level 3. HP: 24/24 MP: 6/6
  1003 | D:2      | Learned a level 3 spell: Confusing Touch
  1007 | D:2      | Learned a level 3 spell: Tukima's Dance
  1774 | D:3      | Found a transporter.
  2038 | D:3      | Reached XP level 4. HP: 14/30 MP: 7/7
  2090 | D:2      | Learned a level 1 spell: Slow
  2124 | D:3      | Slain by an orc

Illustrated notes

Levels and vault maps discovered:
D:1:      amcnicky_arrival_blooded_trapdoor, layout_rooms,
          shapermc_ecumenical_altar_rom_forum
D:2:      layout_basic, hangedman_decor_push, dk_noncrumbling_3
D:3:      layout_basic, serial_glass, glass_columns_a, glass_columns_a,
          gammafunk_ghost_gnarly_gnolls

Skill      XL: |  1  2 |
---------------+-------+-----
Stealth        | 5 |  5.9
Short Blades   | 2 |  2.9
Dodging        | |  2.9
Spellcasting   | |  2.0
Hexes          | |  4.4

Action                   |  1- 3 |  4- 6 || total
-------------------------+-------+-------++-------
Melee: Dagger            |   149 |    13 ||   162
       Bite              |    15 |     1 ||    16
       Punch             |     2 |       ||     2
Throw: Dart              |     1 |       ||     1
 Cast: Confusing Touch   |     2 |     2 ||     4
       Slow              |       |     1 ||     1
  Use: Potion            |     3 |       ||     3
       Scroll            |     5 |     1 ||     6
 Stab: Sleeping          |    16 |       ||    16
       Invisible         |     1 |       ||     1
       Confused          |     1 |       ||     1
Armor: Robe              |     2 |       ||     2
       Leather armour    |    17 |     1 ||    18
Dodge: Dodged            |    68 |     8 ||    76
